AoeStats
← ReynaldDeZureich

Arabia

510111298Analyzed
1v1 RM · 2d ago on Sep 29, 2026· 40m 27s· 2 players
Game mode
Random Map
Map size
Tiny (2 player)
Population
200
Speed
Normal
Resources
Standard
Victory
Conquest
Starting age
Dark Age
Ending age
Imperial Age
RankedLock teamsTeams togetherTeam positionsShared explorationLock speedFull tech treeHidden civsTurbo modeCheats
Victory
Defeat
🇨🇿 Byzantines · Czechia
978
+16
🇨🇭 Shu · Switzerland
971
-16
ReynaldDeZureich
6:56 Loom
7:06 Loom
10:12 Feudal Age
11:18 Double-Bit Axe
11:18 Horse Collar
20:13 Castle Age
18:32 Gold Mining
18:52 Fletching
21:22 Bow Saw
21:50 Wheelbarrow
22:09 Gold Shaft Mining
21:49 Husbandry
23:53 Scale Barding Armor
25:53 Chain Barding Armor
29:25 Stone Mining
34:18 Imperial Age
32:07 Hand Cart
34:46 Bodkin Arrow
38:01 Bracer
GIVEMEMYMONEY
9:17 Feudal Age
10:35 Double-Bit Axe
11:02 Man-at-Arms
14:02 Horse Collar
17:13 Loom
20:49 Castle Age
21:04 Scale Barding Armor
22:06 Forging
22:33 Gold Mining
22:57 Husbandry
26:02 Wheelbarrow
26:26 Iron Casting
28:24 Chain Barding Armor
28:54 Fletching
32:00 Heavy Plow
32:13 Bow Saw
32:25 Stone Mining
38:00 Imperial Age
38:18 Heavy Camel Rider
39:38 Plate Barding Armor
Connection lost

Rejoining the realm…

Still unreachable

The connection could not be restored.

Session expired

The server has moved on; the page needs a fresh start.